 Dungeon Crawl Stone Soup version 0.29.1-1-gd02db6906a (webtiles) character file.

Game seed: 13081292014251668145

11 funnyparkerb the Cutter (level 2, 0/16 HPs)
             Began as a Vine Stalker Monk on Sept 28, 2022.
             Slain by a quokka (1 damage)
             ... on level 1 of the Dungeon.
             The game lasted 00:00:30 (207 turns).

funnyparkerb the Cutter (Vine Stalker Monk)          Turns: 207, Time: 00:00:31

Health: 0/16       AC:  2    Str: 13    XL:     2   Next: 25%
Magic:  0/3        EV: 12    Int: 10    God:
Gold:   29         SH:  0    Dex: 16    Spells: 1/1 levels left

rFire   . . .      SeeInvis .   a - +0 short sword
rCold   . . .      Faith    .   (no shield)
rNeg    . . .      Spirit   +   b - +0 robe
rPois   .          Reflect  .   (no helmet)
rElec   .          Harm     .   (no cloak)
rCorr   .          Rampage  .   (no gloves)
Will    .....                   (no boots)
Stlth   ++........              (no amulet)
HPRegen 0.05/turn               (no ring)
MPRegen 0.08/turn               (no ring)

@: no status effects
A: fangs 2, magic shield, antimagic bite, no potion heal 2
a: no special abilities


You were on level 1 of the Dungeon.
You visited 1 branch of the dungeon, and saw 1 of its levels.

You collected 29 gold pieces.

Inventory:

Hand Weapons
 a - a +0 short sword (weapon)
Armour
 b - a +0 robe (worn)
Potions
 c - a potion of ambrosia
 d - a potion of resistance {unknown}


   Skills:
 - Level 3.0 Fighting
 + Level 3.1 Short Blades
 - Level 2.4 Dodging
 - Level 2.4 Stealth


You had one spell level left.
You didn't know any spells.
Your spell library was empty.

Dungeon Overview and Level Annotations

Branches:
Dungeon (1/15)

Altars:


Innate Abilities, Weirdness & Mutations

You have extremely sharp teeth.
When hurt, damage is shared between your health and your magic reserves.
Your bite disrupts and absorbs the magic of your enemies.
Potions cannot restore your health.


Message History

You kill the giant cockroach!
You hit the kobold.
The kobold is severely wounded.
You barely miss the kobold. Your bite misses the kobold.
The kobold is severely wounded.
The kobold completely misses you.
You barely miss the kobold. Your bite misses the kobold.
The kobold is severely wounded.
The kobold barely misses you.
You hit the kobold but do no damage.
The kobold is severely wounded.
The kobold hits you but does no damage.
You hit the kobold.
You kill the kobold!
You closely miss the quokka. The quokka bites you.
You barely miss the quokka. You punch the quokka. Your bite misses the quokka.
The quokka is moderately wounded.
The quokka barely misses you.
You closely miss the quokka. Your bite misses the quokka.
The quokka is moderately wounded.
The quokka bites you.
* * * LOW HITPOINT WARNING * * *
You closely miss the quokka. You bite the quokka, but do no damage.
The quokka is moderately wounded.
The quokka bites you. The quokka barely misses you.
You hit the quokka but do no damage. You bite the quokka, but do no damage.
The quokka is moderately wounded.
The quokka bites you.
* * * LOW HITPOINT WARNING * * *
You closely miss the quokka. Your bite misses the quokka.
The quokka is moderately wounded.
The quokka barely misses you.
You barely miss the quokka. You bite the quokka. You drain its power.
You feel invigorated.
The quokka is severely wounded.
The quokka bites you but does no damage.
You closely miss the quokka. You bite the quokka, but do no damage.
The quokka is heavily wounded.
The quokka bites you.
You die...

#.# #.. ..#......... #.#
#.# ##.#♣..∩..♣.. #.# #.#
#............ #.# #.#
###....)....... #.# #.#
#.....)..8..8.. #.# #.#
#.............. #.# #.#
#.......)...... #.#
.########.#####............
#.#
............@r.............
#.#
#######.########$..........
#.#########.# #.#.(.∩.....
#..........(# #........>..
############# ############


You could see a quokka.

Vanquished Creatures
  A ball python (D:1)
  2 endoplasms (D:1)
  A giant cockroach (D:1)
  2 goblins (D:1)
  3 kobolds (D:1)
9 creatures vanquished.

Notes
Turn   | Place    | Note
-------+----------+-------------------------------------------
     0 | D:1      | funnyparkerb the Vine Stalker Monk began the quest for the
                  | Orb.
     0 | D:1      | Reached XP level 1. HP: 11/11 MP: 2/2
   185 | D:1      | Reached XP level 2. HP: 9/16 MP: 3/3
   207 | D:1      | Slain by a quokka

Illustrated notes

Levels and vault maps discovered:
D:1:      reono_arrival_forest_river, layout_loops_ring,
          hellmonk_ecumenical_altar_arch_garden

Skill      XL: |  1 |
---------------+----+-----
Fighting       | 3 |  3.0
Short Blades   | 3 |  3.1
Dodging        | |  2.4
Stealth        | |  2.4

Action                   || total
-------------------------++-------
Melee: Short sword       ||    34
       Bite              ||     9
       Punch             ||     1
 Stab: Sleeping          ||     2
Armor: Robe              ||     6
Dodge: Dodged            ||    17
